 Dungeon Crawl Stone Soup version 0.31-a0-977-gc230f8ef24 (webtiles) character file.

Game seed: 8606703420945629931

492 Dordric the Changeling (level 6, -5/47 HPs)
             Began as a Draconian Shapeshifter on Oct 30, 2023.
             Was an Initiate of Nemelex Xobeh.
             Slain by a gnoll sergeant
             ... wielding a +2 trident of protection
              (7 damage)
             ... on level 4 of the Dungeon.
             The game lasted 00:04:49 (3739 turns).

Dordric the Changeling (Draconian Shapeshifter)     Turns: 3739, Time: 00:04:50

Health: -5/47      AC:  6    Str: 19    XL:     6   Next: 91%
Magic:  0/6        EV: 12    Int: 10    God:    Nemelex Xobeh [......]
Gold:   168        SH:  0    Dex: 10    Spells: 5/5 levels left

rFire   . .          .
                       - Unarmed
rCold   . . .        (no shield)
rNeg    . . .        (body armour unavailable)
rPois   .            (helmet currently unavailable)
rElec   .            (cloak currently unavailable)
rCorr   .            (gloves currently unavailable)
SInv    .            (boots currently unavailable)
Will    .....        g - amulet of guardian spirit
Stlth   +            (no ring)
HPRegen 0.27/turn    (no ring)
MPRegen 0.10/turn

%: guardian spirit
@: beast-form
A: beast (slay +4), AC +6, unfitting armour, cold-blooded
a: Begin Untransformation, Renounce Religion, Draw Escape, Draw Destruction,
Draw Summoning


You were on level 4 of the Dungeon.
You worshipped Nemelex Xobeh.
Nemelex Xobeh was noncommittal.
You were a hulking beast.
You visited 1 branch of the dungeon, and saw 4 of its levels.

You collected 168 gold pieces.

Inventory:

Hand Weapons
 q - a +1 spear of venom
Armour
 h - a +0 pair of gloves
Jewellery
 g - an amulet of guardian spirit (around neck)
 l - a ring of protection from cold
Talismans
 b - a beast talisman
 c - a flux talisman
Wands
 j - a wand of iceblast (7)
 n - a wand of charming (10)
Scrolls
 e - 2 scrolls of fear {unknown}
 i - a scroll of teleportation
 k - a scroll of vulnerability
 m - a scroll of poison
 p - a scroll of acquirement {unknown}
Potions
 a - 2 potions of lignification
 d - a potion of curing (quivered)
 f - a potion of might {unknown}
 o - a potion of haste {unknown}


   Skills:
 - Level 1.1 Fighting
 - Level 1.7 Dodging
 + Level 3.9 Unarmed Combat
 - Level 7.0 Shapeshifting


You had 5 spell levels left.
You didn't know any spells.
Your spell library contained the following spells:

 Spells                   Type           Power      Damage    Failure   Level
 Tukima's Dance           Hex            0%         N/A       75%         3
 Passage of Golubria      Tloc           0%         N/A       98%         4
 Yara's Violent Unravell  Hex/Tmut       0%         3d3       100%        5


Dungeon Overview and Level Annotations

Branches:
Dungeon (4/15)             Temple (0/1) D:4

Altars:
Nemelex Xobeh
Uskayaw

Shops:
D:2 [


Innate Abilities, Weirdness & Mutations

You are a hulking beast.
Your limbs bulge with bestial killing power. (Slay +4)
Your plain brown scales are hard. (AC +6)
You cannot fit into any form of body armour.
You are cold-blooded and may be slowed by cold attacks.


Message History

You punch the gnoll!
You kill the gnoll!
The gnoll sergeant attacks as it pursues you!
The gnoll sergeant hits you from afar with a +2 trident of protection.
There is an open door here.
The gnoll sergeant hits you with a +2 trident of protection.
You hit the gnoll sergeant.
The gnoll sergeant is lightly wounded.
You hit the gnoll sergeant but do no damage.
The gnoll sergeant is lightly wounded.
The gnoll sergeant hits you with a +2 trident of protection!
You hit the gnoll sergeant but do no damage.
The gnoll sergeant is lightly wounded.
The gnoll sergeant closely misses you.
You hit the gnoll sergeant but do no damage.
You punch the gnoll sergeant.
The gnoll sergeant is moderately wounded.
The gnoll sergeant misses you.
You hit the gnoll sergeant but do no damage.
The gnoll sergeant is moderately wounded.
The gnoll sergeant hits you with a +2 trident of protection!
You hit the gnoll sergeant but do no damage.
You tail-slap the gnoll sergeant, but do no damage.
The gnoll sergeant is moderately wounded.
The gnoll sergeant closely misses you.
You hit the gnoll sergeant but do no damage.
Your tail-slap misses the gnoll sergeant.
The gnoll sergeant is moderately wounded.
The gnoll sergeant hits you with a +2 trident of protection!
* * * LOW HITPOINT WARNING * * *
You hit the gnoll sergeant.
The gnoll sergeant is moderately wounded.
The gnoll sergeant barely misses you.
You closely miss the gnoll sergeant. You tail-slap the gnoll sergeant.
The gnoll sergeant is heavily wounded.
The gnoll sergeant hits you with a +2 trident of protection!
* * * LOW HITPOINT WARNING * * *
The gnoll sergeant hits you from afar with a +2 trident of protection!
You die...
Your body disappears without a glow.

######## #.# ..# #.#
..# #)# ..## #.# ...###
####'###### .....#
#.........# ..##.####
#.........#
..##....#####.........#
..).....<)...)##h######
##########....##.# ♣♣♣♣
##...##g# ...♣ ##..##.#
### #..♣♣♣#####.#
#(..#..g.♣♣♣ #.#
#...#.♣....♣♣##.#
.).g'.......)...#
#...#..♣..)♣♣#..#


You could see a gnoll sergeant.

Vanquished Creatures
  A black bear (D:4)
  An ogre (D:4)
  A hound (D:4)
  An orc priest (D:4)
  A sleepcap (D:4)
  An iguana (D:4)
  13 gnolls
  2 adders
  2 worms
  A dart slug (D:4)
  4 orcs
  5 endoplasms
  4 giant cockroaches
  5 goblins
  4 hobgoblins
  4 jackals (D:1)
  A quokka (D:3)
  3 ball pythons
  3 bats (D:2)
  6 frilled lizards
  3 kobolds
  A rat (D:1)
67 creatures vanquished.

Notes
Turn   | Place    | Note
-------+----------+-------------------------------------------
     0 | D:1      | Dordric the Draconian Shapeshifter began the quest for the
                  | Orb.
     0 | D:1      | Reached XP level 1. HP: 16/16 MP: 1/1
   107 | D:1      | Reached XP level 2. HP: 23/23 MP: 2/2
   732 | D:2      | Found Qaklir's Armour Emporium.
   871 | D:2      | Reached skill level 4 in Shapeshifting
   904 | D:2      | Reached XP level 3. HP: 28/28 MP: 3/3
  1709 | D:3      | Found a sparkling altar of Nemelex Xobeh.
  1796 | D:3      | Found a hide-covered altar of Uskayaw.
  1938 | D:3      | Became a worshipper of Nemelex Xobeh the Trickster
  2000 | D:4      | Noticed an ogre
  2007 | D:4      | Killed an ogre
  2008 | D:4      | Reached skill level 5 in Shapeshifting
  2008 | D:4      | Reached XP level 4. HP: 35/35 MP: 4/4
  2048 | D:4      | Found a staircase to the Ecumenical Temple.
  2064 | D:4      | Reached XP level 5. HP: 40/40 MP: 5/5
  2195 | D:4      | HP: 2/40 [gnoll/+0 halberd (3)]
  2538 | D:4      | Reached skill level 6 in Shapeshifting
  2563 | D:4      | Noticed a black bear
  2567 | D:4      | Reached XP level 6. HP: 33/47 MP: 6/6
  3000 | D:4      | Reached skill level 7 in Shapeshifting
  3469 | D:4      | Found the +5 woodcutter's axe
  3477 | D:4      | HP: 2/47 [gnoll sergeant/+2 trident of protection (7)]
  3738 | D:4      | HP: 1/47 [gnoll sergeant/+2 trident of protection (13)]
  3739 | D:4      | Slain by a gnoll sergeant

Illustrated notes

Levels and vault maps discovered:
D:1:      dpeg_arrival_boxorama, layout_rooms
D:2:      layout_basic, serial_shops, nicolae_shop_behind_doors, shop,
          patterned_corridor
D:3:      layout_basic, mainiacjoe_overflow_large_starburst
D:4:      layout_basic, temple_pool_b, pf_guarded_unrand_woodcutter

Skill      XL: |  1  2  3  4  5  6 |
---------------+-------------------+-----
Shapeshifting  | 4 5 6 7 |  7.0
Fighting       | |  1.1
Dodging        | |  1.7
Unarmed Combat | |  3.9

Action                     |  1- 3 |  4- 6 || total
---------------------------+-------+-------++-------
  Melee: Unarmed           |    97 |   113 ||   210
         Tailslap          |     7 |    20 ||    27
         Punch             |     4 |     4 ||     8
         Spear             |       |     7 ||     7
  Evoke: Wand              |     2 |       ||     2
    Use: Scroll            |     4 |     1 ||     5
         Potion            |       |     1 ||     1
 Armour: Skin              |    37 |   116 ||   153
  Dodge: Dodged            |    69 |   100 ||   169

Table legend: (Time is in decaauts)
 A = Elapsed time spent in this place.
 B = Non-inter-level travel time spent in this place.
 C = Inter-level travel time spent in this place.
 D = Time resting spent in this place.
 E = Time spent auto-exploring this place.
 F = Levels seen in this place.
 G = Mean time per level.
                   A        B        C        D        E       F      G
               +--------+--------+--------+--------+--------+-----+--------+
         Total |   3735 |   3430 |    305 |    686 |   2134 |   4 |  933.8 |
       Dungeon |   3735 |   3430 |    305 |    686 |   2134 |   4 |  933.8 |
               +--------+--------+--------+--------+--------+-----+--------+

Top non-repeatable levels by time:
     D:3: 1352 daAuts
     D:4: 1051 daAuts
     D:2: 682 daAuts
     D:1: 649 daAuts
